Map: Golden Wall LE

Players

TYTY (TY)

  • Race: Terran Terran
  • League: Grandmaster
  • Spawn Location: 7:00

llllllllllll (Trap) - Winner!

  • Race: Protoss Protoss
  • League: Master
  • Spawn Location: 5:00

Event: Shopify TSL 5

VOD

Have the link to the VOD?

Description

Time

  • Played on: May 17, 2020, 9:52 a.m.
  • Length: 9:35

All games in this series

Show
View Real Time Build Order
Export as new Build Order

TYTY Terran 

Build Orders:  

Get SALT Encoding   

  12  0:00  SCV  
  13  0:12  SCV  
  14  0:17  Supply Depot  
  14  0:24  SCV  
  15  0:39  SCV, Barracks  
  16  0:51  SCV  
  17  1:03  SCV, Supply Depot  
  18  1:15  SCV  
  19  1:29  Marine, Orbital Command  
  20  1:41  Command Center  
  20  1:47  Marine  
  21  1:55  SCV  
  21  1:57  Refinery  
  21  1:59  Refinery  
  22  2:04  Marine  
  22  2:07  SCV  
  24  2:19  SCV  
  24  2:22  Marine  
  26  2:31  SCV  
  27  2:40  Factory  
  27  2:43  SCV  
  29  2:52  Orbital Command  
  29  2:55  SCV  
  29  2:56  Barracks Reactor  
  29  3:00  Barracks  
  29  3:07  SCV  
  30  3:15  Barracks  
  30  3:19  SCV  
  32  3:20  SCV  
  32  3:22  Supply Depot  
  32  3:24  Widow Mine  
  34  3:27  Starport  
  34  3:31  SCV  
  34  3:32  SCV  
  34  3:33  Marine x2  
  38  3:43  SCV  
  38  3:44  SCV, Supply Depot  
  38  3:45  Factory Tech Lab  
  38  3:47  Marine  
  41  3:51  Marine x2  
  44  3:55  SCV  
  44  3:57  Supply Depot  
  44  4:00  SCV  
  45  4:04  Siege Tank  
  45  4:05  Marine  
  45  4:08  Marine  
  45  4:09  Marine x2  
  49  4:11  Starport Tech Lab  
  49  4:13  SCV  
  49  4:16  SCV  
  49  4:26  Marine  
  49  4:27  Marine x2  
  49  4:34  Marine  
  49  4:36  Siege Tank  
  49  4:40  Viking  
  49  4:44  Marine  
  49  4:45  Marine x2  
  50  4:52  Marine  
  53  4:57  Supply Depot  
  52  5:01  SCV  
  52  5:03  Marine  
  52  5:04  Marine  
  52  5:05  Orbital Command  
  56  5:09  Marine  
  56  5:10  Raven  
  58  5:15  SCV  
  58  5:18  Marine  
  58  5:20  Marine  
  61  5:21  Factory Tech Lab  
  61  5:22  Marine  
  62  5:32  Supply Depot  
  62  5:33  Marine  
  62  5:41  Siege Tank  
  62  5:48  Marine x2  
  59  5:50  SCV x2  
  59  5:51  Marine x2  
  63  6:02  SCV x2, Combat Shield  
  63  6:03  Banshee  
  68  6:06  Marine x2  
  70  6:12  Supply Depot  
  70  6:14  SCV x2  
  70  6:16  Marine x2  
  74  6:21  Supply Depot  
  74  6:27  Siege Tank, Marine  
  78  6:33  Marine x2  
  78  6:34  Marine  
  78  6:37  SCV x2  
  83  6:45  Marine  
  83  6:48  Banshee  
  83  6:51  Marine x2  
  89  6:56  Marine  
  87  7:03  Marine  
  87  7:08  Siege Tank  
  79  7:09  Marine x2  
  79  7:14  Marine  
  81  7:15  Bunker  
  81  7:21  Marine  
  81  7:27  SCV x2, Marine x2  
  78  7:32  Marine  
  79  7:38  Marine  
  79  7:40  Siege Tank  
  83  7:45  Marine x2  
  83  7:50  Marine  
  83  7:51  Banshee  
  72  7:53  SCV x2  
  72  7:56  Marine  
  77  8:02  Marine  
  77  8:03  Marine  
  79  8:08  Marine  
  80  8:14  Marine  
  80  8:19  Bunker  
  81  8:20  Marine x2  
  81  8:26  Siege Tank, Marine  
  87  8:32  Marine  
  88  8:38  Marine x2  
  88  8:40  Bunker x2  
  89  8:44  Marine  
  89  8:45  Banshee  
  93  8:50  Marine  
  93  8:54  Bunker  
  93  8:56  Marine  
  93  8:57  Marine  
  93  9:01  Marine  
  74  9:08  SCV x2, Marine  
  70  9:14  Marine  
  70  9:15  Marine  
  72  9:20  SCV x2  
Show
View Real Time Build Order
Export as new Build Order

llllllllllll Protoss - Winner!

Build Orders: 1 Gate Expand, Colossus Rush 

Get SALT Encoding   

  12  0:00  Probe  
  13  0:12  Probe  
  14  0:19  Pylon  
  14  0:24  Probe  
  15  0:37  Probe (Chrono Boost), Gateway  
  16  0:47  Probe (Chrono Boost)  
  16  0:48  Assimilator  
  17  0:52  Probe (Chrono Boost)  
  18  1:04  Probe  
  19  1:16  Probe  
  20  1:24  Cybernetics Core  
  20  1:35  Nexus  
  20  1:42  Pylon  
  20  1:45  Probe  
  21  1:53  Assimilator  
  21  1:57  Probe  
  21  1:59  Adept (Chrono Boost)  
  22  2:05  Warp Gate  
  24  2:09  Probe  
  24  2:20  Stalker (Chrono Boost)  
  24  2:22  Probe  
  27  2:33  Robotics Facility  
  27  2:34  Probe  
  28  2:42  Stalker  
  30  2:48  Probe (Chrono Boost)  
  30  2:49  Probe (Chrono Boost)  
  33  3:00  Probe (Chrono Boost)  
  33  3:03  Probe (Chrono Boost)  
  33  3:04  Gateway  
  34  3:07  Probe (Chrono Boost)  
  34  3:10  Probe  
  36  3:14  Stalker  
  36  3:19  Pylon  
  38  3:21  Observer (Chrono Boost)  
  38  3:23  Probe  
  38  3:26  Probe  
  41  3:35  Probe  
  41  3:38  Probe  
  43  3:42  Warp Prism (Chrono Boost)  
  43  3:47  Probe  
  46  3:50  Probe  
  47  3:57  Stalker  
  47  3:58  Stalker  
  47  4:00  Probe  
  52  4:15  Robotics Bay  
  52  4:16  Probe x2, Pylon  
  54  4:34  Probe x2  
  54  4:36  Stalker x2  
  58  4:46  Probe x2, Assimilator x2, Pylon  
  60  4:57  Gateway  
  60  4:58  Probe x2  
  60  4:59  Pylon  
  62  5:01  Disruptor (Chrono Boost)  
  65  5:11  Gravitic Drive  
  65  5:12  Probe x2  
  66  5:18  Nexus  
  66  5:21  Pylon  
  66  5:27  Disruptor (Chrono Boost)  
  66  5:34  Gateway  
  68  5:40  Probe x2  
  66  5:52  Colossus (Chrono Boost)  
  66  5:54  Twilight Council  
  72  5:57  Probe x2  
  72  6:00  Pylon  
  72  6:03  Forge  
  74  6:06  Sentry  
  74  6:07  Sentry  
  78  6:11  Pylon  
  78  6:17  Pylon  
  78  6:18  Probe x2 (Chrono Boost)  
  80  6:29  Pylon  
  80  6:30  Probe x2 (Chrono Boost)  
  80  6:31  Probe (Chrono Boost)  
  83  6:33  Adept  
  83  6:39  Probe x2 (Chrono Boost)  
  88  6:40  Probe (Chrono Boost)  
  88  6:45  Probe (Chrono Boost)  
  88  6:47  Zealot x3  
  93  6:53  Colossus (Chrono Boost)  
  99  7:06  Extended Thermal Lance (Chrono Boost)  
  91  7:13  Stalker x4  
  93  7:18  Shield Battery  
  93  7:19  Shield Battery  
  91  7:34  Gateway  
  91  7:35  Colossus (Chrono Boost)  
  91  7:36  Stalker x3  
  103  7:37  Zealot  
  103  7:38  Gateway  
  90  7:55  Charge (Chrono Boost)  
  83  8:01  Zealot x3  
  83  8:02  Gateway x2  
  83  8:03  Pylon  
  83  8:18  Cybernetics Core, Gateway  
  83  8:21  Photon Cannon  
  83  8:23  Immortal (Chrono Boost)  
  83  8:26  Zealot x3  
  93  8:29  Gateway  
  91  8:48  Nexus  
  91  8:51  Zealot x3  
  95  8:56  Stalker x2  
  83  9:08  Zealot  
  75  9:13  Zealot x4  
  87  9:23  Stalker x3  
  91  9:30  Zealot  
Tags
 
Add a new tag
Caveats
  • Supply blocks, unpowered buildings, or Contaminate may cause inaccurate times.
  • Supply counts are checked every 10 seconds.